 Dungeon Crawl Stone Soup version 0.28.0-47-ge53b351184 (webtiles) character file.

Game seed: 6961509265475168616

182 croobank the Skirmisher (level 5, 0/55 HPs)
             Began as an Octopode Chaos Knight on Apr 28, 2022.
             Was a Plaything of Xom.
             Slain by a gnoll
             ... wielding a +0 halberd
              (9 damage)
             ... on level 3 of the Dungeon.
             The game lasted 00:08:16 (2702 turns).

croobank the Skirmisher (Octopode Chaos Knight)     Turns: 2702, Time: 00:08:26

Health: 0/55       AC: 22    Str: 14    XL:     5   Next: 61%
Magic:  5/5        EV:  2    Int: 14    God:    Xom [...*..]
Gold:   97         SH:  0    Dex: 19    Spells: 1/4 levels left

rFire   . . .      SeeInvis .   d - +11 whip of Incongruity {vorpal, rC++ Dex+4}
rCold   + + .      Faith    .   (no shield)
rNeg    . . .      Spirit   .   (helmet currently unavailable)
rPois   +          Reflect  .   (no amulet)
rElec   .          Harm     .   (no ring)
rCorr   .          Rampage  .   (no ring)
Will    .....      NoTele   +   (no ring)
Stlth   ++........              (no ring)
HPRegen 0.18/turn               (no ring)
MPRegen 0.09/turn               (no ring)
                                (no ring)
                                (no ring)

@: tree-form
A: stationary, stasis, torment immunity, boosted hp, almost no armour,
(amphibious), 8 rings, (camouflage 1), (gelatinous body 1), (nimble swimmer 1),
(tentacles), agile 2, passive freeze, sense surroundings 1
a: Renounce Religion


You were on level 3 of the Dungeon.
You worshipped Xom.
You were a favourite toy of Xom.
You were a tree.
You visited 1 branch of the dungeon, and saw 3 of its levels.

You collected 97 gold pieces.

Inventory:

Hand Weapons
 a - a +0 hand axe of chaos
 d - the +11 whip of Incongruity (weapon) {vorpal, rC++ Dex+4}
   (You found it on level 3 of the Dungeon)

   It inflicts extra damage upon your enemies.
   Dex:       It affects your dexterity (+4).
   rC:        It greatly protects you from cold.
 f - a +2 short sword of speed
Missiles
 c - 142 stones (quivered)
Magical Staves
 b - a staff of air
Potions
 h - a potion of mutation


   Skills:
 + Level 4.2 Fighting
 - Level 3.9(4.0) Axes
 + Level 1.3(2.8) Maces & Flails
 + Level 3.8 Dodging


You had one spell level left.
You knew the following spells:

 Your Spells              Type           Power      Damage    Failure   Level
a - Teleport Other        Tloc           0%         N/A       65%         3

Your spell library contained the following spells:

 Spells                   Type           Power      Damage    Failure   Level
 Gell's Gravitas          Tloc           0%         N/A       65%         3
 Lesser Beckoning         Tloc           0%         N/A       65%         3


Dungeon Overview and Level Annotations

Branches:
Dungeon (3/15)

Altars:
Nemelex Xobeh
Xom


Innate Abilities, Weirdness & Mutations

You are a tree.
Your roots penetrate the ground, keeping you stationary.
You cannot be teleported.
You are immune to unholy pain and torment.
Your maximum health is greatly increased.
You cannot wear most types of armour.
((You are amphibious.))
You can wear up to eight rings at the same time.
((Your skin changes colour to match your surroundings (Stealth+).))
((Your rubbery body absorbs attacks. (AC +1, EV +1)))
((You are camouflaged when in or above water. (Stealth+)))
((You have tentacles for arms and can constrict up to eight enemies at once.))
You are very agile. (Dex +4)
A frigid envelope surrounds you and freezes all who hurt you.
You passively map a small area around you.


Message History

* * * LOW HITPOINT WARNING * * *
Really wriggle into that cloud of calcifying dust? [Y]es or [N]o only, please.
Really wriggle into that cloud of calcifying dust?
Okay, then.
Okay, then.
Okay, then.
You aren't carrying any scrolls.
It was a potion of cancellation.
You feel magically purged. The gnoll misses you.
The gnoll completely misses you.
It was a potion of lignification.
You turn into a tree.
Your roots penetrate the ground.
The gnoll hits you from afar with a +0 halberd.
* * * LOW HITPOINT WARNING * * *
The gnoll barely misses you.
You aren't carrying any items that you can evoke.
It was a potion of flight.
Your roots keep you in place.
The gnoll hits you but does no damage. x2
Throw: 144 stones
Press: ? - help, Q - select action Shift-Dir - straight line, f - gnoll
Aim: a gnoll, wielding a +0 halberd (63% to hit)
You throw a stone.
The stone hits the gnoll but does no damage.
The gnoll completely misses you. The gnoll hits you but does no damage.
Throw: 143 stones
Press: ? - help, Q - select action Shift-Dir - straight line, f/p - gnoll
Aim: a gnoll, wielding a +0 halberd (63% to hit)
You throw a stone.
The stone hits the gnoll but does no damage.
The gnoll hits you but does no damage.
The gnoll hits you from afar with a +0 halberd.
* * * LOW HITPOINT WARNING * * *
Really quaff the potion of mutation?
You feel extremely strange.
You no longer feel cold resistant.
You feel agile.
Your tentacle spike disappears.
You feel agile.
You feel a strange attunement to the structure of the dungeons.
Your skin feels very cold.
You feel agile.
The gnoll hits you from afar with a +0 halberd!
You die...

##........##.#.#
.#........##.#.#
.#........##.#§#
.#........##.#§#
.####...####.#.###
.# #...# #.#.#.#
.# #...# #.....#
.# #...# ###.#)#
.# #...# #.#♣#* ##
...# *#.#.)g#
*#.###g# , #.# .#
, ,.###* # ,.# , ,
_ ** , ,


You could see 2 gnolls.

Vanquished Creatures
  A gnoll shaman (D:3)
  Terence (D:3)
  A gnoll (D:3)
  4 adders (D:2)
  2 worms (D:2)
  3 dart slugs
  6 orcs
  3 endoplasms
  A giant cockroach (D:2)
  6 goblins
  7 hobgoblins
  5 jackals
  5 kobolds
  8 ball pythons
  7 bats
  3 frilled lizards
  6 rats
69 creatures vanquished.

Notes
Turn   | Place    | Note
-------+----------+-------------------------------------------
     0 | D:1      | croobank the Octopode Chaos Knight began the quest for the
                  | Orb.
     0 | D:1      | Reached XP level 1. HP: 16/16 MP: 1/1
    31 | D:1      | Found a faded altar of an unknown god.
   193 | D:1      | Reached XP level 2. HP: 7/21 MP: 2/2
   757 | D:1      | XOM: smoke on damage
  1021 | D:1      | Reached XP level 3. HP: 26/26 MP: 3/3
  1169 | D:2      | XOM: smoke on damage
  1270 | D:2      | XOM: polymorph ball python -> rat
  1327 | D:2      | XOM: smoke on damage
  1370 | D:2      | XOM: give mutations
  1370 | D:2      | Gained mutation: You are occasionally teleported next to
                  | monsters. [Xom's mischief]
  1370 | D:2      | Lost mutation: You are occasionally teleported next to
                  | monsters. [Xom's mischief]
  1370 | D:2      | Gained mutation: You are clumsy. (Dex -2) [Xom's mischief]
  1433 | D:2      | XOM: scenery: create altars
  1482 | D:2      | Reached XP level 4. HP: 33/33 MP: 4/4
  1520 | D:2      | Learned a level 3 spell: Teleport Other
  1649 | D:2      | XOM: give mutations
  1649 | D:2      | Gained mutation: One of your tentacles bears a spike.
                  | [Xom's grace]
  1649 | D:2      | Gained mutation: Your flesh is cold resistant. (rC+) [Xom's
                  | grace]
  1745 | D:2      | XOM: 3-stop teleportation journey
  2051 | D:2      | XOM: scenery: create altars
  2096 | D:3      | XOM: 1-stop teleportation journey
  2113 | D:3      | Found a sparkling altar of Nemelex Xobeh.
  2129 | D:3      | Identified the +11 whip of Incongruity {vorpal, rC++ Dex+4}
  2182 | D:3      | Noticed Terence
  2251 | D:3      | Reached skill level 4 in Fighting
  2267 | D:3      | Killed Terence
  2268 | D:3      | Reached XP level 5. HP: 9/37 MP: 5/5
  2682 | D:3      | Reached skill level 1 in Maces & Flails
  2686 | D:3      | XOM: cloud trail
  2702 | D:3      | Lost mutation: Your flesh is cold resistant. (rC+) [potion
                  | of mutation]
  2702 | D:3      | Lost mutation: You are clumsy. (Dex -2) [potion of
                  | mutation]
  2702 | D:3      | Lost mutation: One of your tentacles bears a spike. [potion
                  | of mutation]
  2702 | D:3      | Gained mutation: You are agile. (Dex +2) [potion of
                  | mutation]
  2702 | D:3      | Gained mutation: You passively map a small area around you.
                  | [potion of mutation]
  2702 | D:3      | Gained mutation: A frigid envelope surrounds you and
                  | freezes all who hurt you. [potion of mutation]
  2702 | D:3      | Gained mutation: You are very agile. (Dex +4) [potion of
                  | mutation]
  2702 | D:3      | Slain by a gnoll

Illustrated notes

Levels and vault maps discovered:
D:1:      minmay_arrival_five_plusses, layout_loops_ring,
          hellmonk_ecumenical_altar_pennies_from_heaven, dk_noncrumbling_3
D:2:      layout_loops_ring, nicolae_wormholes
D:3:      layout_basic, mainiacjoe_overflow_brackets,
          mainiacjoe_overflow_alcove_4, uniq_terence

Skill      XL: |  1  2  3  4  5 |
---------------+----------------+-----
Dodging        | 3 |  3.8
Fighting       | 4 |  4.2
Maces & Flails | 1 |  1.3
Axes           | |  3.9

Action                   |  1- 3 |  4- 6 || total
-------------------------+-------+-------++-------
Melee: Hand axe          |    69 |    28 ||    97
       Constrict         |    15 |    14 ||    29
       Tentacles         |     8 |     9 ||    17
       Punch             |     1 |     2 ||     3
       Whip              |       |    27 ||    27
       Kick              |       |     9 ||     9
Throw: Stone             |       |     3 ||     3
  Use: Scroll            |       |     5 ||     5
       Potion            |       |     5 ||     5
 Stab: Sleeping          |     7 |     3 ||    10
       Distracted        |     1 |       ||     1
Armor: Skin              |    12 |     8 ||    20
Dodge: Dodged            |    55 |    36 ||    91
